 Dungeon Crawl Stone Soup version 0.21.0-3-g78d12a8bdd (webtiles) character file.

19237 Rrauwl the Transmogrifier (level 12, 0/92 HPs)
             Began as a Merfolk Transmuter on Jan 16, 2018.
             Was a High Priest of Sif Muna.
             Killed from afar by Frances (43 damage)
             ... with a shard of ice
             ... on level 12 of the Dungeon.
             The game lasted 00:55:47 (14601 turns).

Rrauwl the Transmogrifier (Merfolk Transmuter)     Turns: 14601, Time: 00:55:47

Health: 0/92       AC: 18    Str: 12    XL:     12   Next: 66%
Magic:  18/19      EV: 18    Int: 16    God:    Sif Muna [*****.]
Gold:   587        SH:  0    Dex: 16    Spells: 8/21 levels left

rFire    + . .     SeeInvis +     - Unarmed
rCold    . . .     Gourm    .   (no shield)
rNeg     . . .     Faith    .   q - +2 ring mail {rF+}
rPois    .         Spirit   .   h - +1 helmet
rElec    .         Reflect  .   f - +0 cloak
rCorr    .         Harm     .   (no gloves)
MR       .....                  o - +0 pair of boots
Stlth    +.........             (no amulet)
HPRegen  0.25/turn              A - ring of see invisible
MPRegen  0.16/turn              H - +4 ring of protection

@: liquid flames, glowing
A: change form in water, swift swim, stealthy swim, thin metallic scales 1,
agile 1, dopey 1, strong 1
a: Divine Energy, Channel Magic, Forget Spell, Renounce Religion


You were on level 12 of the Dungeon.
You worshipped Sif Muna.
Sif Muna was extremely pleased with you.
You were not hungry.

You visited 3 branches of the dungeon, and saw 14 of its levels.

You collected 587 gold pieces.

Inventory:

Hand Weapons
 b - a +2 shortbow of velocity
Missiles
 a - 153 arrows
 t - 6 poisoned javelins (quivered)
Armour
 f - a +0 cloak (worn)
 h - a +1 helmet (worn)
 o - a +0 pair of boots (worn)
 q - a +2 ring mail of fire resistance (worn)
Jewellery
 A - a ring of see invisible (left hand)
 H - a +4 ring of protection (right hand)
Wands
 d - a wand of clouds (5)
 m - a wand of iceblast (7)
 x - a wand of disintegration (11)
 y - a wand of paralysis (7)
Scrolls
 j - 4 scrolls of identify
 n - 8 scrolls of remove curse
 w - 4 scrolls of teleportation
 B - 4 scrolls of fog
 M - 2 scrolls of fear
Potions
 c - a potion of might
 p - 4 potions of curing
Miscellaneous
 E - a fan of gales (inert)
Comestibles
 e - 20 rations


   Skills:
 - Level 8.0 Fighting
 - Level 4.0 Armour
 + Level 11.6 Dodging
 + Level 9.9 Unarmed Combat
 - Level 5.0 Spellcasting
 - Level 14.1 Transmutations
 - Level 4.0 Earth Magic
 + Level 4.8 Invocations


You had 8 spell levels left.
You knew the following spells:

 Your Spells              Type           Power        Failure   Level  Hunger
a - Blade Hands           Tmut           #####.....   2%          5    ######.
b - Sticks to Snakes      Tmut           #####...     1%          2    #......
c - Petrify               Tmut/Erth      ####....     8%          4    ####...
d - Passwall              Tmut/Erth      ####......   1%          2    #......


Dungeon Overview and Level Annotations

Branches:
Dungeon (12/15)            Temple (1/1) D:4            Lair (1/6) D:10
    Orc (0/2) D:11

Altars:
Ashenzari
Cheibriados
Dithmenos
Elyvilon
Fedhas
Gozag
Hepliaklqana
Kikubaaqudgha
Makhleb
Nemelex Xobeh
Okawaru
Qazlal
Ru
Sif Muna
Trog
Uskayaw
Vehumet
Wu Jian
Xom
Yredelemnul
Zin
The Shining One

Shops:
D:5 [   D:11 (

Annotations:
D:5 2 transporters
D:12 Frances


Innate Abilities, Weirdness & Mutations

You revert to your normal form in water.
You are very nimble and swift while swimming.
You are very stealthy in the water. (Stealth+)
You are partially covered in thin metallic scales. (AC +2)
You are agile. (Dex +2)
You are dopey. (Int -2)
Your muscles are strong. (Str +2)


Message History

You barely miss Frances.
Frances is severely wounded.
Frances hits you but does no damage.
Frances says, "Show me proof of your conquests, and I will call you a great adventurer."
Frances screams a word of power!
The smoke demon gestures at you. The sticky flame hits you!
You are covered in liquid flames!
Evoke which item? (* to show all) (? for menu, Esc to quit)
A fierce wind blows from the fan.
The monsters around you are blown away!
You are covered in liquid flames!
You punch Frances!
Frances is severely wounded.
You are covered in liquid flames!
Frances hits you with a hand axe.
You closely miss Frances.
Frances is severely wounded.
You are covered in liquid flames!
Frances screams a word of power!
The shard of ice hits you!
You die...

#...##...............#
#....#..............##
##.#####...##........#
##..# ###............
##..## ###..........
#..## ###........ #.##
#(....... ..#
#(....... .##
#@44..... ##
#.)@.3.... #
#......... #.........
#......... ##.$......
#........ ##....... #
####


You could see Frances, a hellwing, an ice devil and a smoke demon.

Vanquished Creatures
  Erolcha (D:9)
  A hydra (D:12)
  4 two-headed ogres
  Urug (D:10)
  An ugly thing (D:9)
  A deep elf mage (D:9)
  A manticore (D:11)
  2 spiny frogs (Lair:1)
  2 komodo dragons (Lair:1)
  A rime drake (shapeshifter) (D:9)
  The ghost of rabbit the Chopper, an amateur HOBe of Trog (D:4)
  A troll (D:10)
  2 hippogriffs
  A hornet (D:5)
  4 slime creatures
  5 blink frogs (Lair:1)
  2 wraiths
  A wyvern (D:9)
  A shadow (D:11)
  11 yaks (Lair:1)
  2 basilisks (Lair:1)
  Eustachio (D:6)
  A water moccasin (Lair:1)
  2 porcupines (Lair:1)
  An ice beast (D:9)
  4 orc warriors
  A necrophage (D:7)
  7 ogres
  6 sky beasts
  A phantom (D:9)
  A wolf (Lair:1)
  An eye of draining (D:12)
  3 big kobolds
  7 centaurs
  A crocodile (Lair:1)
  Blork the orc (D:6)
  9 bullfrogs
  2 wyvern skeletons
  3 scorpions
  6 killer bees (D:10)
  15 wights
  A howler monkey (D:6)
  6 crimson imps
  5 jellies
  2 bullfrog zombies
  3 hounds
  6 orc priests
  3 centaur skeletons
  3 bullfrog skeletons
  6 iguanas
  8 worker ants
  9 orc wizards
  A killer bee zombie (D:9)
  2 hound zombies (D:5)
  A hound skeleton (D:11)
  A worker ant zombie (D:8)
  12 adders
  A howler monkey skeleton (D:7)
  2 shadow imps
  7 oozes
  2 adder skeletons (D:4)
  2 worms
  7 dart slugs
  7 leopard geckos
  37 orcs
  8 bats
  4 giant cockroaches
  5 hobgoblins
  2 jackals (D:1)
  20 kobolds
  4 quokkas
  7 frilled lizards
  9 goblins
  A leopard gecko skeleton (D:4)
  A quokka zombie (D:9)
  4 rats
  5 plants
323 creatures vanquished.

Vanquished Creatures (collateral kills)
  A leopard gecko (D:3)
  2 orcs (D:3)
3 creatures vanquished.

Vanquished Creatures (others)
  A plant (D:10)
1 creature vanquished.

Grand Total: 327 creatures vanquished

Notes
Turn   | Place    | Note
-------+----------+-------------------------------------------
     0 | D:1      | Rrauwl the Merfolk Transmuter began the quest for the Orb.
     0 | D:1      | Reached XP level 1. HP: 15/15 MP: 3/3
    29 | D:1      | Reached skill level 3 in Transmutations
    29 | D:1      | Reached XP level 2. HP: 18/21 MP: 5/5
   494 | D:1      | Reached XP level 3. HP: 23/27 MP: 6/6
   950 | D:2      | Found a faded altar of an unknown god.
  1039 | D:2      | Reached XP level 4. HP: 19/33 MP: 7/7
  1595 | D:2      | Reached skill level 4 in Transmutations
  2198 | D:3      | Learned a level 2 spell: Sticks to Snakes
  2311 | D:3      | Reached XP level 5. HP: 39/39 MP: 8/8
  2318 | D:3      | Learned a level 5 spell: Blade Hands
  2383 | D:3      | Gained mutation: You are partially covered in thin metallic scales. (AC +2) [potion of mutation]
  2383 | D:3      | Gained mutation: You are agile. (Dex +2) [potion of mutation]
  2383 | D:3      | Gained mutation: You are dopey. (Int -2) [potion of mutation]
  2383 | D:3      | Gained mutation: Your muscles are strong. (Str +2) [potion of mutation]
  3137 | D:4      | Found a staircase to the Ecumenical Temple.
  3145 | Temple   | Entered the Ecumenical Temple
  3221 | Temple   | Became a worshipper of Sif Muna the Loreminder
  3378 | D:4      | Reached XP level 6. HP: 38/47 MP: 9/9
  3435 | D:4      | Reached skill level 5 in Transmutations
  3439 | D:4      | Reached skill level 5 in Dodging
  3585 | D:4      | Reached skill level 5 in Unarmed Combat
  3703 | D:4      | Noticed rabbit's ghost (amateur HOBe)
  3729 | D:4      | Killed rabbit's ghost
  3729 | D:4      | Reached skill level 6 in Transmutations
  3729 | D:4      | Reached XP level 7. HP: 55/55 MP: 10/10
  3924 | D:4      | Found a shattered altar of Ashenzari.
  3925 | D:4      | Found a glowing golden altar of the Shining One.
  4099 | D:5      | Entered Level 5 of the Dungeon
  4329 | D:5      | Reached * piety under Sif Muna
  4329 | D:5      | Reached skill level 5 in Fighting
  4504 | D:5      | Found Zeomano's Antique Armour Shoppe.
  4612 | D:5      | Reached skill level 7 in Transmutations
  4612 | D:5      | Reached XP level 8. HP: 51/62 MP: 11/11
  4618 | D:5      | Found a transporter.
  4640 | D:5      | Found a transporter.
  4684 | D:5      | Reached skill level 8 in Transmutations
  4935 | D:5      | Found an iron altar of Okawaru.
  4967 | D:5      | Noticed a hornet
  4977 | D:5      | Paralysed by a hornet for 3 turns
  4985 | D:5      | Paralysed by a hornet for 3 turns
  4992 | D:5      | Killed a hornet
  5191 | D:5      | Reached ** piety under Sif Muna
  5191 | D:5      | Reached skill level 9 in Transmutations
  5608 | D:6      | Reached skill level 10 in Transmutations
  5669 | D:6      | Found a hazy altar of Hepliaklqana.
  5842 | D:6      | Reached XP level 9. HP: 57/68 MP: 13/13
  5850 | D:6      | Reached skill level 11 in Transmutations
  6105 | D:6      | Reached skill level 1 in Armour
  6112 | D:6      | Found a bloodstained altar of Trog.
  6412 | D:6      | Noticed Eustachio
  6418 | D:6      | Killed Eustachio
  6427 | D:6      | Noticed Blork the orc
  6432 | D:6      | Killed Blork the orc
  6527 | D:6      | Reached skill level 12 in Transmutations
  6802 | D:6      | Reached *** piety under Sif Muna
  7216 | D:7      | Learned a level 4 spell: Petrify
  7371 | D:7      | Reached skill level 1 in Earth Magic
  7373 | D:7      | Reached XP level 10. HP: 73/73 MP: 14/14
  7595 | D:7      | Reached skill level 13 in Transmutations
  8014 | D:8      | Reached **** piety under Sif Muna
  8286 | D:8      | Found an ornate altar of the Wu Jian Council.
  8286 | D:8      | Found a blossoming altar of Fedhas.
  8310 | D:8      | Found a sparkling altar of Nemelex Xobeh.
  8312 | D:8      | Found an iron altar of Okawaru.
  8313 | D:8      | Found a sacrificial altar of Ru.
  8488 | D:8      | Noticed a two-headed ogre
  8496 | D:8      | Killed a two-headed ogre
  8829 | D:8      | Found a burning altar of Makhleb.
  8975 | D:9      | Noticed Erolcha
  8980 | D:9      | Killed Erolcha
  8980 | D:9      | Reached skill level 14 in Transmutations
  9243 | D:9      | Noticed a two-headed ogre
  9249 | D:9      | Killed a two-headed ogre
  9249 | D:9      | Reached XP level 11. HP: 48/81 MP: 15/15
  9712 | D:9      | Reached ***** piety under Sif Muna
  9877 | D:9      | Noticed a green ugly thing
  9877 | D:9      | Noticed a deep elf mage
  9889 | D:9      | Killed a deep elf mage
  9892 | D:9      | Killed a green ugly thing
  9915 | D:9      | Identified the Almanac of Cold and Battle Magic
  9933 | D:9      | Got a jewelled chain mail
 10134 | D:9      | Learned a level 2 spell: Passwall
 10144 | D:9      | Identified the +11 chain mail of Misanthropy {+Blink rElec rCorr Int-3} (You found it on level 9 of the Dungeon)
 10175 | D:10     | Entered Level 10 of the Dungeon
 10251 | D:10     | Noticed a two-headed ogre
 10264 | D:10     | Killed a two-headed ogre
 10627 | D:10     | Identified Sif Muna's Tome of Hurtful Beguiling (Sif Muna gifted it to you on level 10 of the Dungeon)
 10627 | D:10     | Received a gift from Sif Muna
 10721 | D:10     | Found a staircase to the Lair.
 10843 | D:10     | Found a bloodstained altar of Trog.
 10992 | D:10     | Noticed Urug
 11000 | D:10     | Killed Urug
 11368 | Lair:1   | Entered Level 1 of the Lair of Beasts
 11641 | Lair:1   | Reached skill level 10 in Dodging
 11773 | Lair:1   | Reached XP level 12. HP: 80/92 MP: 18/18
 11777 | Lair:1   | Reached skill level 1 in Invocations
 13021 | D:11     | Found an iron altar of Okawaru.
 13282 | D:11     | Reached skill level 5 in Spellcasting
 13464 | D:11     | Found a staircase to the Orcish Mines.
 13554 | D:11     | Found Coosych's Weapon Emporium.
 14234 | D:12     | Noticed a two-headed ogre
 14245 | D:12     | Killed a two-headed ogre
 14360 | D:12     | Noticed a four-headed hydra
 14377 | D:12     | Killed a four-headed hydra
 14575 | D:12     | Noticed Frances
 14601 | D:12     | Killed from afar by Frances

Skill      XL: |  1  2  3  4  5  6  7  8  9 10 11 12 |
---------------+-------------------------------------+-----
Dodging        | 3 4 5 6 7 10 11 | 11.6
Transmutations | 3 4 6 7 10 12 14 | 14.1
Fighting       | 2 3 4 5 6 8 |  8.0
Unarmed Combat | 4 5 6 8 9 |  9.9
Spellcasting   | 3 4 5 |  5.0
Armour         | 3 4 |  4.0
Earth Magic    | 1 4 |  4.0
Invocations    | 4 |  4.8

Action                   |  1- 3 |  4- 6 |  7- 9 | 10-12 || total
-------------------------+-------+-------+-------+-------++-------
Melee: Unarmed           |   120 |   197 |   395 |   460 ||  1172
       Punch             |       |     3 |    10 |    14 ||    27
       Shortbow          |       |       |       |     1 ||     1
 Fire: Shortbow          |       |    26 |    96 |   143 ||   265
Throw: Tomahawk          |       |       |     5 |       ||     5
 Cast: Sticks to Snakes  |       |     6 |     2 |       ||     8
       Blade Hands       |       |       |     7 |    45 ||    52
Evoke: Wand              |       |       |       |     3 ||     3
       Fan of gales      |       |       |       |     1 ||     1
  Use: Potion            |     4 |    11 |     2 |     8 ||    25
       Scroll            |     2 |     5 |     3 |     8 ||    18
 Stab: Sleeping          |     3 |     2 |       |       ||     5
  Eat: Chunk             |       |     2 |    12 |    24 ||    38
       Ration            |       |     2 |     1 |     5 ||     8
Armor: Robe              |    28 |    34 |    28 |       ||    90
       Skin              |       |    11 |    15 |       ||    26
       Ring mail         |       |       |    46 |   146 ||   192
Dodge: Dodged            |   102 |   108 |   245 |   379 ||   834
